 Dungeon Crawl Stone Soup version 0.23.1 (webtiles) character file.

Game seed: 510207860412872447

105 Borgoz the Skirmisher (level 4, 0/40 HPs)
             Began as a Ghoul Fighter on Mar 6, 2019.
             Slain by an orc wizard
             ... wielding a +0 dagger
              (2 damage)
             ... on level 3 of the Dungeon.
             The game lasted 00:04:03 (1701 turns).

Borgoz the Skirmisher (Ghoul Fighter)               Turns: 1701, Time: 00:04:04

Health: 0/40       AC:  7    Str: 24    XL:     4   Next: 81%
Magic:  3/3        EV: 11    Int:  4    God:
Gold:   53         SH:  0    Dex:  8    Spells: 3/3 levels left

rFire    . . .     SeeInvis .   a - +0 rapier
rCold    + . .     Gourm    .   (no shield)
rNeg     + + +     Faith    .   r - +0 ring mail
rPois    ∞         Spirit   .   q - +1 helmet
rElec    .         Reflect  .   (no cloak)
rCorr    .         Harm     .   (no gloves)
MR       .....                  (no boots)
Stlth    +.........             (no amulet)
HPRegen  0.00/turn              m - +5 ring of strength
MPRegen  0.08/turn              (no ring)

@: rotting
A: rotting body, claws 1, carnivore, cold resistance 1, negative energy
resistance 3, inhibited regeneration, torment resistance, unbreathing
a: no special abilities


You were on level 3 of the Dungeon.
You were not hungry.

You visited 1 branch of the dungeon, and saw 3 of its levels.

You collected 53 gold pieces.

Inventory:

Hand Weapons
 a - a +0 rapier (weapon)
Missiles
 b - 4 needles of sleeping
 g - 33 poisoned needles
Armour
 c - a +0 shield
 q - a +1 helmet (worn)
 r - a +0 ring mail (worn)
Jewellery
 m - a +5 ring of strength (left claw)
Scrolls
 e - 2 scrolls of enchant weapon {unknown}
 l - 3 scrolls of identify {unknown}
 n - 3 scrolls of remove curse {unknown}
 s - a scroll of magic mapping {unknown}
Potions
 d - a potion of might
 h - a potion of flight {unknown}
 i - 2 potions of lignification {unknown}
 j - 2 potions of heal wounds {unknown}
 k - 2 potions of curing {unknown}
 o - a potion of brilliance {unknown}
Comestibles
 f - 6 rations
 p - 5 chunks of flesh


   Skills:
 + Level 4.1 Fighting
 + Level 2.6 Short Blades
 - Level 2.6 Armour
 + Level 1.6 Dodging
 + Level 2.3 Stealth
 - Level 2.6 Shields


You had 3 spell levels left.
You didn't know any spells.
Your spell library was empty.

Dungeon Overview and Level Annotations

Branches:
Dungeon (3/15)

Altars:


Innate Abilities, Weirdness & Mutations

Your body is rotting away.
You thrive on raw meat.
You are immune to poison.
You have sharp fingernails.
You are carnivorous and can eat meat at any time.
Your flesh is cold resistant. (rC+)
You are immune to negative energy. (rN+++)
You do not regenerate when monsters are visible.
You are immune to unholy pain and torment.
You can survive without breathing.


Message History

You closely miss something. Something hits you but does no damage.
You miss something. Something hits you but does no damage.
You closely miss something.
You hear some strange, mumbled words.
A magic dart appears from out of thin air!
The magic dart hits you.
You closely miss something. Something hits you but does no damage.
You miss something. Something hits you but does no damage.
You closely miss something. Something hits you.
You closely miss something. Something hits you.
You closely miss something. Something hits you.
Something hits you but does no damage.
You hit something. Something hits you.
You miss something.
You hear some strange, mumbled words.
A puff of flame appears from out of thin air!
The puff of flame hits you!
* * * LOW HITPOINT WARNING * * *
You closely miss something. Something hits you.
You die...

##.#.#.....#
##..........#
.####.#.#.#.....#
................#
......#>#.#...###
...........####
..#####.#.## #.
#[..# #@.##
......†{..#
###..##.### ##
..# ... .... ....
.#....


There were no monsters in sight!

Vanquished Creatures
  Robin (D:2)
  An ooze (D:2)
  A worm (D:2)
  2 leopard geckos
  3 orcs (D:3)
  6 giant cockroaches
  19 goblins
  6 hobgoblins
  7 jackals
  5 kobolds
  A ball python (D:2)
  9 bats
  5 frilled lizards
  10 rats
76 creatures vanquished.

Notes
Turn   | Place    | Note
-------+----------+-------------------------------------------
     0 | D:1      | Borgoz the Ghoul Fighter began the quest for the Orb.
     0 | D:1      | Reached XP level 1. HP: 19/19 MP: 0/0
   179 | D:1      | Reached XP level 2. HP: 24/26 MP: 1/1
   244 | D:1      | Reached skill level 1 in Stealth
   480 | D:1      | Reached XP level 3. HP: 31/31 MP: 2/2
   544 | D:1      | Reached skill level 1 in Dodging
  1032 | D:2      | Noticed Robin
  1073 | D:2      | Reached XP level 4. HP: 30/40 MP: 3/3
  1088 | D:2      | Killed Robin
  1088 | D:2      | Reached skill level 4 in Fighting
  1700 | D:3      | HP: 2/40 [something/puff of flame (12)]
  1701 | D:3      | Slain by an orc wizard

Skill      XL: |  1  2  3  4 |
---------------+-------------+-----
Short Blades   | 2 |  2.6
Stealth        | 1 2 |  2.3
Dodging        | 1 |  1.6
Fighting       | 4 |  4.1
Armour         | |  2.6
Shields        | |  2.6

Action                   |  1- 3 |  4- 6 || total
-------------------------+-------+-------++-------
Melee: Rapier            |   132 |   116 ||   248
  Eat: Chunk             |     4 |     2 ||     6
Armor: Scale mail        |    71 |     6 ||    77
       Ring mail         |       |    39 ||    39
Dodge: Dodged            |    77 |    82 ||   159
